 Dungeon Crawl Stone Soup version 0.22-a0-447-gee5f7238b3 (webtiles) character file.

33 LevaFresel the Sneak (level 3, -5/24 HPs)
             Began as a Halfling Assassin on June 3, 2018.
             Slain by Crazy Yiuf
             ... wielding a +2 quarterstaff of chaos
              (15 damage)
             ... on level 2 of the Dungeon.
             The game lasted 00:08:26 (1044 turns).

LevaFresel the Sneak (Halfling Assassin)            Turns: 1044, Time: 00:08:31

Health: -5/24      AC:  4    Str: 12    XL:     3   Next: 47%
Magic:  3/3        EV: 14    Int:  9    God:
Gold:   41         SH:  0    Dex: 16    Spells: 2/2 levels left

rFire    . . .     SeeInvis .   a - +2 dagger
rCold    . . .     Gourm    .   (shield restricted)
rNeg     . . .     Faith    .   o - +0 leather armour
rPois    .         Spirit   .   (no helmet)
rElec    .         Reflect  .   d - +0 cloak
rCorr    .         Harm     .   (no gloves)
MR       .....                  (no boots)
Stlth    +++.......             (no amulet)
HPRegen  0.08/turn              (no ring)
MPRegen  0.08/turn              (no ring)

@: lethally poisoned (-5 -> -10)
A: small, mutation resistance 1
a: no special abilities


You were on level 2 of the Dungeon.
You were not hungry.

You visited 1 branch of the dungeon, and saw 2 of its levels.

You collected 41 gold pieces.

Inventory:

Hand Weapons
 a - a +2 dagger (weapon)
 b - a +0 blowgun
 p - a cursed -2 dagger
Missiles
 e - 6 poisoned needles
 f - a curare-tipped needle
 k - 17 stones (quivered)
Armour
 c - a +0 robe
 d - a +0 cloak (worn)
 o - a +0 leather armour (worn)
Jewellery
 q - a cursed ring of teleportation {unknown}
Scrolls
 i - a scroll of identify {unknown}
 l - a scroll of random uselessness {unknown}
 m - a scroll of remove curse {unknown}
 n - a scroll of fog {unknown}
 r - a scroll of enchant weapon {unknown}
Potions
 h - a potion of brilliance {unknown}
 j - 2 potions of heal wounds {unknown}
 s - 2 potions of flight {unknown}
Comestibles
 g - 3 rations


   Skills:
 + Level 2.1 Fighting
 + Level 2.9 Short Blades
 + Level 2.3 Throwing
 + Level 1.7 Dodging
 + Level 4.7 Stealth


You had 2 spell levels left.
You didn't know any spells.
Your spell library was empty.

Dungeon Overview and Level Annotations

Branches:
Dungeon (2/15)

Altars:

Annotations:
D:2 Crazy Yiuf


Innate Abilities, Weirdness & Mutations

You are small and have problems with some larger weapons.
You are somewhat resistant to further mutation.


Message History

a - a +2 dagger (weapon)
Crazy Yiuf opens the door.
Crazy Yiuf waves his quarterstaff at you.
Crazy Yiuf hits you with a quarterstaff of chaos.
You are poisoned.
There is an open door here.
You hit Crazy Yiuf.
Crazy Yiuf is heavily wounded.
You feel sick.
Crazy Yiuf laughs, "Hack!
Cards sanguine forty-two."
Crazy Yiuf closely misses you.
You hit Crazy Yiuf.
Crazy Yiuf is severely wounded.
You barely miss Crazy Yiuf.
Crazy Yiuf is severely wounded.
You feel sick.
Crazy Yiuf hits you with a quarterstaff of chaos!
You are electrocuted!
Ouch! That really hurt!
You die...

#### ...# ##.#####
.......##♣♣ ####
##.#....#P♣♣ ♣♣#..)#
##.#......P♣♣♣♣)@g.(#
...#.#......♣..♣#.))#
####.##.#P)♣)♣♣♣ ####
#...##♣♣♣♣♣ ####


You could see Crazy Yiuf.

Vanquished Creatures
  An adder (D:2)
  An ooze (D:1)
  A leopard gecko (D:1)
  A bat (D:1)
  2 goblins
  3 hobgoblins (D:1)
  3 frilled lizards (D:1)
  5 kobolds (D:1)
  3 rats (D:1)
20 creatures vanquished.

Notes
Turn   | Place    | Note
-------+----------+-------------------------------------------
     0 | D:1      | LevaFresel the Halfling Assassin began the quest for the Orb.
     0 | D:1      | Reached XP level 1. HP: 14/14 MP: 1/1
   284 | D:1      | Reached XP level 2. HP: 16/19 MP: 2/2
   702 | D:1      | Reached XP level 3. HP: 17/24 MP: 3/3
  1010 | D:2      | Found a runed door.
  1014 | D:2      | Noticed Crazy Yiuf
  1044 | D:2      | Slain by Crazy Yiuf

Vault maps used:
D:1:      dpeg_arrival_boxorama
D:2:      first_ration, minmay_hedge_maze, uniq_crazy_yiuf_cottage

Skill      XL: |  1  2 |
---------------+-------+-----
Fighting       | 2 |  2.1
Short Blades   | |  2.9
Throwing       | |  2.3
Dodging        | |  1.7
Stealth        | |  4.7

Action                   || total
-------------------------++-------
Melee: Dagger            ||    67
 Fire: Blowgun           ||     6
 Stab: Sleeping          ||     2
Armor: Leather armour    ||    15
Dodge: Dodged            ||    56

Table legend:
 A = Spawn XP
 B = Non-spawn XP
 C = Spawn XP percentage of total XP
 D = Spawn monster count
 E = Non-spawn monster count
 F = Spawn count percentage of total count
 G = Total turns spent on level
                    A         B        C        D         E        F      G
               +---------+---------+-------+---------+---------+-------+---------
         Total |       0 |      48 |   0.0 |       0 |      20 |   0.0 |  1044
               +---------+---------+-------+---------+---------+-------+---------
           D:1 |       0 |      33 |   0.0 |       0 |      18 |   0.0 |   967
           D:2 |       0 |      15 |   0.0 |       0 |       2 |   0.0 |    77
               +---------+---------+-------+---------+---------+-------+---------
